 Dungeon Crawl Stone Soup version 0.31.0-11-ge490571c62 (webtiles) character file.

Game seed: 5894218367431825289

119 SnakkuSnakku7 the Insei (level 5, -1/40 HPs)
             Began as a Merfolk Air Elementalist on Jan 30, 2024.
             Was an Initiate of Ru.
             Succumbed to a scorpion's poison
             ... on level 2 of the Dungeon.
             The game lasted 00:05:41 (3437 turns).

SnakkuSnakku7 the Insei (Merfolk Air Elementalist)  Turns: 3437, Time: 00:05:42

Health: -1/40      AC:  8    Str: 13    XL:     5   Next: 3%
Magic:  8/8        EV: 11    Int: 13    God:    Ru [......]
Gold:   121        SH:  0    Dex: 17    Spells: 7/8 levels left

rFire   . .          .
                       - Unarmed
rCold   . . .        (no shield)
rNeg    . . .        e - +0 ring mail {Will+}
rPois   .            k - +0 helmet
rElec   .            (no cloak)
rCorr   .            (no gloves)
SInv    .            d - +1 pair of boots
Will    +....        f - amulet of faith
Stlth   ++           (no ring)
HPRegen 0.26/turn    (no ring)
MPRegen 0.11/turn

%: faith
@: lethally poisoned (-1 -> -12)
A: (nimble swimmer 2), mertail, agile 1, strong 1
a: Renounce Religion


You were on level 2 of the Dungeon.
You worshipped Ru.
Ru was noncommittal.
You visited 1 branch of the dungeon, and saw 4 of its levels.

You collected 121 gold pieces.

Inventory:

Armour
 a - a +0 robe
 d - a +1 pair of boots (worn)
 e - a +0 ring mail of willpower (worn)
 j - a +0 leather armour
 k - a +0 helmet (worn)
Jewellery
 f - an amulet of faith (around neck)
Talismans
 h - a maw talisman
Potions
 b - a potion of magic


   Skills:
 - Level 2.9 Fighting
 - Level 2.6 Dodging
 - Level 2.1 Stealth
 + Level 3.3 Unarmed Combat
 - Level 2.0 Spellcasting
 - Level 0.7 Conjurations
 - Level 2.4 Air Magic
 + Level 1.5 Shapeshifting


You had 7 spell levels left.
You knew the following spells:

 Your Spells              Type           Power      Damage    Failure   Level
a - Shock                 Conj/Air       20%        1d4       30%         1

Your spell library contained the following spells:

 Spells                   Type           Power      Damage    Failure   Level
 Static Discharge         Conj/Air       10%        3-4/arc   41%         2
 Swiftness                Air            7%         N/A       54%         3
 Airstrike                Air            3%         2d(1-17)  91%         4


Dungeon Overview and Level Annotations

Branches:
Dungeon (4/15)
 Temple: D:4-7

Altars:
Hepliaklqana
Ru

Annotations:
D:2 1 runed translucent door, Crazy Yiuf
D:3 Sigmund


Innate Abilities, Weirdness & Mutations

((You are very nimble when in or above water. (Stealth+, EV+, Speed+++)))
Your lower body shifts to a powerful aquatic tail in water.
You are agile. (Dex +4, Str/Int -1)
Your muscles are strong. (Str +4, Int/Dex -1)


Message History

You barely miss the scorpion.
The scorpion is moderately wounded.
The scorpion misses you.
You hit the scorpion.
The scorpion is heavily wounded.
The scorpion misses you.
You hit the scorpion.
The scorpion is heavily wounded.
The scorpion stings you.
You are poisoned.
The scorpion poisons you!
You hit the scorpion but do no damage.
The scorpion is heavily wounded.
You feel very sick. The scorpion barely misses you.
You hit the scorpion but do no damage.
The scorpion is heavily wounded.
You feel sick. The scorpion stings you.
* * * LOW HITPOINT WARNING * * *
You closely miss the scorpion.
The scorpion is heavily wounded.
* * * LOW HITPOINT WARNING * * *
You feel sick.
The scorpion stings you but does no damage.
You closely miss the scorpion.
The scorpion is heavily wounded.
You feel sick.
The scorpion stings you but does no damage.
The scorpion stings you.
* * * LOW HITPOINT WARNING * * *
You are lethally poisoned!
The scorpion poisons you!
You hit the scorpion.
The scorpion is heavily wounded.
* * * LOW HITPOINT WARNING * * *
You feel very sick. The scorpion misses you.
You barely miss the scorpion.
The scorpion is heavily wounded.
You die...

#.# #.#.# ##.#........#
# ###.# #.#.#
#....####### # .##.#
#.#.# #).#.####### #
..#.# #.#.#
##>#s##....# ..#.#
#.#.# #s#.......####
..#.# #...#
#.####.####.## ..#.#
##########.#..#.#..#.##
..#.#
#.s...#..#.#..#.##
..#.#
#@#####..#.#..#.##
..#.# #.# #..#s#..#.##
..#)# #.# #..#.#....##
..#.# #.# #..#.##...##
..#.## #.# #..#.s....##
.....# #.# #..#####..##
###..# #.# #.........##
###..# #.#
###.#####.### .....#
#.# #...# #.##.


You could see a scorpion.

Vanquished Creatures
  An orc wizard (D:2)
  Robin (D:1)
  An adder (D:2)
  2 ribbon worms (D:2)
  2 dart slugs
  5 orcs
  2 ball pythons
  6 endoplasms
  A giant cockroach (D:2)
  7 goblins
  12 hobgoblins
  A kobold (D:3)
  4 quokkas (D:1)
  4 bats
  2 frilled lizards (D:1)
  4 rats
55 creatures vanquished.

Notes
Turn   | Place    | Note
-------+----------+-------------------------------------------
     0 | D:1      | SnakkuSnakku7 the Merfolk Air Elementalist began the quest
                  | for the Orb.
     0 | D:1      | Reached XP level 1. HP: 13/13 MP: 3/3
   364 | D:1      | Reached skill level 1 in Fighting
   364 | D:1      | Reached skill level 1 in Unarmed Combat
   364 | D:1      | Reached XP level 2. HP: 20/21 MP: 1/5
   658 | D:1      | You fall into a shaft and drop 1 floor!
   988 | D:1      | Reached XP level 3. HP: 27/27 MP: 6/6
  1202 | D:2      | Reached skill level 2 in Unarmed Combat
  1402 | D:2      | Noticed Robin
  1477 | D:1      | Killed Robin
  1640 | D:2      | Found a faded altar of an unknown god.
  1655 | D:2      | Reached XP level 4. HP: 33/34 MP: 7/7
  1999 | D:2      | Found a sacrificial altar of Ru.
  2170 | D:2      | Found a runed translucent door.
  2171 | D:2      | Noticed Crazy Yiuf
  2328 | D:2      | Became a worshipper of Ru the Awakened
  2564 | D:3      | Noticed Sigmund
  2642 | D:3      | Noticed a scorpion
  2791 | D:3      | Identified the +0 falchion of Damp Action {spect, Str-4
                  | Int+2 SInv}
  2895 | D:3      | Found a hazy altar of Hepliaklqana.
  3190 | D:3      | Noticed a scorpion
  3190 | D:3      | Noticed a black bear
  3247 | D:2      | Reached skill level 3 in Unarmed Combat
  3380 | D:2      | Reached skill level 1 in Shapeshifting
  3380 | D:2      | Reached XP level 5. HP: 6/40 MP: 8/8
  3425 | D:2      | Gained mutation: You are agile. (Dex +4, Str/Int -1)
                  | [potion of mutation]
  3425 | D:2      | Gained mutation: Your muscles are strong. (Str +4, Int/Dex
                  | -1) [potion of mutation]
  3436 | D:2      | HP: 1/40 [poisoned by a scorpion]
  3437 | D:2      | Succumbed to a scorpion's poison

Illustrated notes

Levels and vault maps discovered:
D:1:      minmay_arrival_up_and_down, layout_loops_corners,
          chequers_serial_rivers_small_a, wander_ebering_terrifying_dragon_lair
D:2:      layout_basic, dreamdust_ecumenical_altar_statues, basic_altar,
          uniq_robin, uniq_crazy_yiuf_cottage
D:3:      layout_basic, lemuel_coloured_pillars_altar,
          minmay_misc_feat_ornament, uniq_sigmund
D:4:      layout_basic, uniq_ijyb

Skill      XL: |  1  2  3  4 |
---------------+-------------+-----
Fighting       | 1 2 |  2.9
Unarmed Combat | 1 2 3 |  3.3
Shapeshifting  | 1 |  1.5
Dodging        | |  2.6
Stealth        | |  2.1
Spellcasting   | |  2.0
Conjurations   | |  0.7
Air Magic      | |  2.4

Action                     |  1- 3 |  4- 6 || total
---------------------------+-------+-------++-------
  Melee: Unarmed           |   141 |   143 ||   284
         Punch             |     2 |     2 ||     4
   Cast: Shock             |    22 |       ||    22
    Use: Scroll            |       |     5 ||     5
         Potion            |       |     2 ||     2
   Stab: Sleeping          |     6 |     2 ||     8
 Armour: Robe              |    51 |       ||    51
         Leather armour    |    29 |    29 ||    58
         Ring mail         |       |    73 ||    73
  Dodge: Dodged            |    82 |    67 ||   149
